 Dungeon Crawl Stone Soup version 0.29.1-2-gbd0b4ee654 (webtiles) character file.

Game seed: 14903306340431669500

93622 NinjaNoafa the Fencer (level 15, -10/138 HPs)
             Began as a Minotaur Fighter on Nov 18, 2022.
             Was a Believer of Uskayaw.
             Killed by divine providence
             ... invoked by a meliai
              (14 damage)
             ... on level 3 of the Spider Nest on Nov 20, 2022.
             The game lasted 00:55:34 (23255 turns).

NinjaNoafa the Fencer (Minotaur Fighter)           Turns: 23255, Time: 00:55:35

Health: -10/138    AC: 23    Str: 24      XL:     15   Next: 61%
Magic:  16/24      EV: 19    Int:  5      God:    Uskayaw [**....]
Gold:   380        SH: 20    Dex: 19 (20) Spells: 16/16 levels left

rFire   . . .      SeeInvis .   y - +7 Singing Sword {vorpal, sonic wave}
rCold   . . .      Faith    .   k - +0 tower shield
rNeg    . . .      Spirit   .   G - +5 steam dragon scales
rPois   .          Reflect  .   W - +0 hat
rElec   .          Harm     .   R - +2 cloak {rCorr}
rCorr   +          Rampage  .   x - +0 pair of gloves
Will    +....                   B - +0 pair of boots
Stlth   ++........              X - amulet of the acrobat
HPRegen 0.33/turn               o - +6 ring of dexterity
MPRegen 0.19/turn               l - +4 ring of protection

@: mighty, about to teleport, marked, studying 3 skills
A: horns 2, retaliatory headbutt, mutation resistance 1, robust 1
a: Renounce Religion, Stomp, Line Pass


You were on level 3 of the Spider Nest.
You worshipped Uskayaw.
Uskayaw was pleased with you.
You visited 6 branches of the dungeon, and saw 25 of its levels.

You collected 3740 gold pieces.
You spent 3360 gold pieces at shops.

Inventory:

Hand Weapons
 y - the +7 Singing Sword (weapon) {vorpal, sonic wave}
   (You took it off an orc on level 4 of the Dungeon)

   It inflicts extra damage upon your enemies.
   It radiates damaging sonic waves as it strikes, especially in combat
   involving dangerous or numerous foes.
Missiles
 f - 2 datura-tipped darts
 h - 7 curare-tipped darts
 v - 4 stones
 z - 2 throwing nets
 C - 50 poisoned darts
 S - 6 javelins
Armour
 k - a +0 tower shield (worn)
 x - a +0 pair of gloves (worn)
 B - a +0 pair of boots (worn)
 G - +5 steam dragon scales (worn)
 R - a +2 cloak of preservation (worn)
 W - a +0 hat (worn)
Jewellery
 g - a ring of protection from cold
 l - a +4 ring of protection (right hand)
 o - a +6 ring of dexterity (left hand)
 J - a ring of willpower
 X - an amulet of the acrobat (around neck)
Wands
 c - a wand of light (2)
 q - a wand of flame (19) (quivered)
 E - a wand of charming (23)
 H - a wand of digging (5)
 I - a wand of polymorph (13)
 O - a wand of roots (27)
Scrolls
 a - 5 scrolls of noise
 r - 3 scrolls of silence
 s - 3 scrolls of vulnerability
 t - 8 scrolls of teleportation
 D - 6 scrolls of fear
 K - a scroll of fog
 M - 3 scrolls of blinking
 V - 3 scrolls of magic mapping
 Y - a scroll of immolation
Potions
 b - a potion of cancellation
 d - 3 potions of might
 e - a potion of heal wounds
 i - 4 potions of magic
 j - 7 potions of curing
 m - 3 potions of haste
 n - 4 potions of mutation
 p - 2 potions of resistance
 w - 4 potions of lignification
 F - a potion of invisibility
 L - 4 potions of attraction
 N - 4 potions of flight
Miscellaneous
 u - a condenser vane (inert)
 A - a phial of floods


   Skills:
 - Level 10.0 Fighting
 + Level 17.0 Long Blades
 - Level 5.6(7.2) Axes
 - Level 7.0(7.9) Maces & Flails
 * Level 11.0 Armour
 * Level 13.6 Dodging
 + Level 15.2 Shields
 - Level 1.0 Spellcasting
 + Level 14.0 Invocations
 + Level 4.7 Evocations


You had 16 spell levels left.
You didn't know any spells.
Your spell library contained the following spells:

 Spells                   Type           Power      Damage    Failure   Level
 Apportation              Tloc           0%         N/A       86%         1
 Beastly Appendage        Tmut           0%         N/A       86%         1
 Magic Dart               Conj           0%         1d3       86%         1
 Slow                     Hex            0%         N/A       86%         1
 Poisonous Vapours        Pois/Air       0%         N/A       95%         2
 Searing Ray              Conj           0%         2d4       95%         2
 Sublimation of Blood     Necr           0%         N/A       95%         2
 Wereblood                Tmut           0%         N/A       95%         2
 Confusing Touch          Hex            0%         N/A       99%         3
 Spider Form              Tmut/Pois      0%         N/A       99%         3
 Vampiric Draining        Necr           0%         2d6       99%         3
 Airstrike                Air            0%         2d(0-16)  100%        4
 Corpse Rot               Necr/Pois/Air  0%         N/A       100%        4
 Fulminant Prism          Conj/Hex       0%         3d6       100%        4
 Hailstorm                Conj/Ice       0%         3d3       100%        4
 Ice Form                 Ice/Tmut       0%         N/A       100%        4
 Passage of Golubria      Tloc           0%         N/A       100%        4
 Summon Lightning Spire   Summ/Air       0%         N/A       100%        4
 Alistair's Intoxication  Tmut/Pois      0%         N/A       100%        5
 Lightning Bolt           Conj/Air       0%         1d11      100%        5
 Silence                  Hex/Air        0%         N/A       100%        5
 Death Channel            Necr           0%         N/A       100%        6
 Simulacrum               Ice/Necr       0%         N/A       100%        6
 Summon Hydra             Summ           0%         N/A       100%        7
 Infestation              Necr           0%         N/A       100%        8
 Lehudib's Crystal Spear  Conj/Erth      0%         10d2      100%        8


Dungeon Overview and Level Annotations

Branches:
Dungeon (13/15)            Temple (1/1) D:5            Lair (5/5) D:11
 Shoals (1/4) Lair:2       Spider (3/4) Lair:3        Slime (0/5) Lair:5
    Orc (2/2) D:12            Elf (0/3) Orc:2
 Vaults: D:13-14

Altars:
Ashenzari
Cheibriados
Dithmenos
Fedhas
Gozag
Hepliaklqana
Kikubaaqudgha
Makhleb
Okawaru
Qazlal
Ru
Sif Muna
Trog
Uskayaw
Vehumet
Wu Jian
Xom
Yredelemnul
Zin
The Shining One
Jiyva

Shops:
D:2 *   D:3 (   Orc:1 *   Orc:2 *?*

Annotations:
Lair:5 1 runed translucent door, kingsuperguy's ghost, adept MiBe
Spider:3 Kirke


Innate Abilities, Weirdness & Mutations

You have a pair of horns on your head.
You reflexively headbutt those who attack you in melee.
You are somewhat resistant to further mutation.
You are robust. (+10% HP)


Message History

You slice the redback!!
The Screaming Sword roars, "BUGGRIT, MILLENNIUM HAND AND SHRIMP!"
You send a blast of sound all around you.
The hog is almost dead.
The hog is heavily wounded.
The hog is severely wounded.
You kill the hog!
The redback is moderately wounded.
The redback is heavily wounded.
The pharaoh ant is moderately damaged.
You kill the tarantella!
The meliai is severely wounded.
The meliai is heavily wounded.
The culicivora is almost dead.
You kill the culicivora!
The tarantella is severely wounded.
The wolf spider is moderately wounded.
You kill the redback!
The meliai calls down the wrath of its god upon you.
Something smites you!
* * * LOW HITPOINT WARNING * * *
A hog comes into view.
The meliai hits you but does no damage. You block the meliai's attack. x2
The meliai barely misses you.
A redback comes into view.
The hog moves out of view.
You can now pass through a line of other dancers.
Your Armour skill increases to level 11!
You closely miss the hog.
The hog is severely wounded.
The meliai closely misses you. You block the meliai's attack.
The meliai calls down the wrath of its god upon you.
Something smites you!
* * * LOW HITPOINT WARNING * * *
You block the pharaoh ant's attack. The hog bites you.
* * * LOW HITPOINT WARNING * * *
Kirke, Weaver of Myths comes into view.
The meliai invokes the aid of its god against you.
Something smites you!
You die... ## ## .## ##.#..# .# #.)..# ....#.#..# #)..sy## ##.##B@# # #hyh#

.. #hs## . #sh^#
### .. .#sh##
#^^##..###.s#@.##
....##.#.####..#
.......<##.h.##
#.#..#...#.#.#


You could see Kirke, a wolf spider, a culicivora, a pharaoh ant, 5 hogs, a
tarantella, 2 redbacks and 2 meliai.

Vanquished Creatures
  8 emperor scorpions
  A ghost moth (Spider:2)
  An orc warlord (Orc:2)
  A broodmother (Spider:1)
  2 entropy weavers (Spider:1)
  3 spark wasps (Spider:1)
  3 hydras
  5 boulder beetles
  3 catoblepae (Lair:5)
  A radroach (Spider:2)
  3 two-headed ogres
  7 orc high priests (Orc:2)
  15 death yaks
  Urug (Lair:1)
  Amaemon (D:10)
  2 sun moths
  2 pharaoh ants (Spider:1)
  A sea snake (Shoals:1)
  2 orb spiders
  8 steelbarb worms
  9 wolf spiders
  3 harpies (Shoals:1)
  3 ugly things (D:12)
  8 fauns (Shoals:1)
  A moth of wrath (Spider:1)
  8 manticores
  4 black mambas
  A merfolk siren (Lair:2)
  Joseph (D:8)
  3 torpor snails
  A gargoyle (D:12)
  2 rime drakes (Lair:2)
  An orange demon (D:10)
  8 cane toads
  5 komodo dragons
  An unseen horror (D:10)
  A demonic crawler (Spider:2)
  3 merfolk (Shoals:1)
  2 trolls
  11 tarantellas
  A wind drake (Shoals:1)
  2 hornets
  6 dream sheep (Lair:3)
  2 snapping turtles (Shoals:1)
  9 culicivoras
  14 jumping spiders
  A shadow (D:9)
  A wraith (D:11)
  A hog (Spider:3)
  A basilisk (Lair:5)
  4 wyverns
  47 yaks
  2 steam dragons
  4 vampire mosquitoes (D:10)
  20 redbacks
  6 wargs (Orc:2)
  Edmund (D:6)
  2 acid dragons
  15 water moccasins
  An ice beast (D:7)
  2 black bears
  20 orc warriors
  2 sky beasts (D:8)
  8 ogres
  7 wolves
  4 centaurs
  2 kobold brigands (D:11)
  8 bullfrogs
  2 gnoll sergeants
  6 scorpions
  4 wights (D:9)
  15 killer bees
  4 howler monkeys
  An electric eel (Orc:1)
  A hound (D:6)
  2 jellies
  A gnoll bouda (D:9)
  41 orc priests
  4 iguanas
  11 orc wizards
  9 adders
  10 gnolls
  2 shadow imps
  4 white imps
  A worm (D:2)
  A dart slug (D:1)
  108 orcs
  2 ball pythons
  9 bats
  12 endoplasms
  2 giant cockroaches
  7 goblins
  8 hobgoblins
  4 jackals
  12 kobolds
  4 quokkas
  4 frilled lizards
  9 rats
639 creatures vanquished.

Vanquished Creatures (others)
  An orc wizard (Orc:2)
  An orc (Orc:1)
  56 fungi
  71 plants
129 creatures vanquished.

Grand Total: 768 creatures vanquished

Notes
Turn   | Place    | Note
-------+----------+-------------------------------------------
     0 | D:1      | NinjaNoafa the Minotaur Fighter began the quest for the
                  | Orb.
     0 | D:1      | Reached XP level 1. HP: 19/19 MP: 0/0
   347 | D:1      | Reached XP level 2. HP: 26/26 MP: 1/1
  1213 | D:2      | Found Lucrubou's Assorted Antiques.
  1237 | D:2      | Reached XP level 3. HP: 12/31 MP: 2/2
  1237 | D:2      | HP: 1/31 [iguana (11)]
  1239 | D:2      | Reached skill level 5 in Axes
  1588 | D:2      | Identified a scroll of acquirement
  1601 | D:2      | Found a faded altar of an unknown god.
  1859 | D:2      | Reached XP level 4. HP: 39/39 MP: 3/3
  2060 | D:3      | Found Vahivouh's Weapon Shoppe.
  2164 | D:3      | Identified the +11 mace "Hydrabane" {drain, Will- Str+2
                  | SInv}
  2223 | D:3      | Reached skill level 1 in Maces & Flails
  2534 | D:4      | Reached XP level 5. HP: 26/45 MP: 4/4
  2658 | D:4      | Found Mykleses's Vocational Training.
  2811 | D:4      | Reached skill level 5 in Maces & Flails
  2811 | D:4      | Reached XP level 6. HP: 30/51 MP: 5/5
  3271 | D:4      | Reached XP level 7. HP: 57/57 MP: 6/6
  3300 | D:4      | Reached skill level 2 in Long Blades
  3388 | D:5      | Entered Level 5 of the Dungeon
  3508 | D:5      | Reached skill level 3 in Long Blades
  3623 | D:5      | Reached skill level 4 in Long Blades
  3692 | D:5      | Found a staircase to the Ecumenical Temple.
  3702 | Temple   | Entered the Ecumenical Temple
  3718 | Temple   | Became a worshipper of Uskayaw the Reveller
  3805 | D:5      | Reached * piety under Uskayaw
  3985 | D:6      | Reached ** piety under Uskayaw
  3986 | D:6      | Reached skill level 6 in Long Blades
  3987 | D:6      | Reached XP level 8. HP: 64/64 MP: 7/7
  4006 | D:6      | Noticed Edmund
  4007 | D:6      | Reached skill level 7 in Long Blades
  4008 | D:6      | Reached *** piety under Uskayaw
  4011 | D:6      | Reached **** piety under Uskayaw
  4012 | D:6      | Killed Edmund
  4013 | D:6      | Reached skill level 8 in Long Blades
  4102 | D:6      | Reached skill level 9 in Long Blades
  4374 | D:6      | Reached skill level 1 in Dodging
  4592 | D:6      | Found a glowing golden altar of the Shining One.
  4811 | D:6      | Got the Folio of Malignant Arts
  4927 | D:7      | Reached skill level 1 in Invocations
  5368 | D:7      | Reached XP level 9. HP: 50/72 MP: 9/9
  6044 | D:7      | Acquired 531 gold pieces
  6135 | D:4      | Bought a manual of Invocations for 800 gold pieces
  6297 | D:8      | Reached skill level 5 in Fighting
  6459 | D:8      | Noticed Joseph
  6467 | D:8      | Killed Joseph
  6468 | D:8      | Reached skill level 10 in Long Blades
  6468 | D:8      | Reached skill level 5 in Armour
  6468 | D:8      | Reached skill level 5 in Shields
  6468 | D:8      | Reached skill level 1 in Spellcasting
  7303 | D:9      | Reached skill level 5 in Dodging
  7334 | D:9      | Reached skill level 5 in Invocations
  7335 | D:9      | Reached skill level 11 in Long Blades
  7335 | D:9      | Reached XP level 10. HP: 63/81 MP: 11/13
  7820 | D:9      | Found a shadowy altar of Dithmenos.
  7857 | D:9      | Found a bloodstained altar of Trog.
  7986 | D:9      | Identified the +1 leather armour of Risozxei {Int+3}
  8161 | D:2      | Bought a scroll of identify for 64 gold pieces
  8161 | D:2      | Bought a viscous orange potion for 28 gold pieces
  8369 | D:10     | Entered Level 10 of the Dungeon
  8409 | D:10     | Noticed a two-headed ogre
  8417 | D:10     | Killed a two-headed ogre
  8562 | D:10     | Reached skill level 12 in Long Blades
  8699 | D:10     | Noticed an orange demon
  8700 | D:10     | Noticed Amaemon
  8703 | D:10     | Killed an orange demon
  8710 | D:10     | Killed Amaemon
  8736 | D:10     | Reached skill level 13 in Long Blades
  8836 | D:10     | You fall into a shaft and drop 1 floor!
  8843 | D:11     | Noticed a boulder beetle
  8869 | D:11     | Killed a boulder beetle
  8870 | D:11     | Reached skill level 10 in Invocations
  8909 | D:11     | Noticed a manticore
  8916 | D:11     | Reached XP level 11. HP: 64/86 MP: 17/17
  8923 | D:11     | Noticed a boulder beetle
  8932 | D:11     | Reached ***** piety under Uskayaw
  8933 | D:11     | Killed a boulder beetle
  8934 | D:11     | Reached skill level 14 in Long Blades
  8949 | D:11     | Reached ****** piety under Uskayaw
  9587 | D:11     | Found a staircase to the Lair.
 10039 | D:10     | Noticed a two-headed ogre
 10045 | D:10     | Killed a two-headed ogre
 10046 | D:10     | Reached skill level 15 in Long Blades
 10235 | D:10     | Found a stormy altar of Qazlal.
 10236 | D:10     | Found a sacrificial altar of Ru.
 10626 | Lair:1   | Entered Level 1 of the Lair of Beasts
 11366 | Lair:1   | Noticed Urug
 11376 | Lair:1   | Killed Urug
 11467 | Lair:1   | Reached skill level 16 in Long Blades
 11795 | Lair:2   | Reached XP level 12. HP: 70/96 MP: 20/20
 11924 | Lair:2   | Noticed a death yak
 11925 | Lair:2   | Noticed a death yak
 11926 | Lair:2   | Noticed a death yak
 11931 | Lair:2   | Killed a death yak
 11936 | Lair:2   | Killed a death yak
 11939 | Lair:2   | Killed a death yak
 12431 | Lair:2   | Found a staircase to the Shoals.
 12810 | Shoals:1 | Entered Level 1 of the Shoals
 12978 | Lair:3   | Found a hole to the Spider Nest.
 13409 | Lair:3   | Noticed a five-headed hydra
 13421 | Lair:3   | Killed a nine-headed hydra
 13493 | Lair:3   | Noticed a death yak
 13494 | Lair:3   | Noticed a death yak
 13495 | Lair:3   | Noticed a death yak
 13495 | Lair:3   | Noticed a death yak
 13495 | Lair:3   | Noticed a death yak
 13500 | Lair:3   | Killed a death yak
 13502 | Lair:3   | Killed a death yak
 13502 | Lair:3   | Killed a death yak
 13502 | Lair:3   | Killed a death yak
 13503 | Lair:3   | Reached skill level 10 in Shields
 13503 | Lair:3   | Killed a death yak
 14067 | Lair:4   | You fall into a shaft and drop 1 floor!
 14067 | Lair:5   | Entered Level 5 of the Lair of Beasts
 14118 | Lair:5   | Noticed a five-headed hydra
 14125 | Lair:5   | Killed an eight-headed hydra
 14126 | Lair:5   | Reached XP level 13. HP: 107/107 MP: 21/21
 14853 | Lair:5   | Identified the +1 scale mail "Muodwi" {Regen+ Dex+2}
 14855 | Lair:5   | Found a staircase to the Slime Pits.
 14857 | Lair:5   | Found a viscous altar of Jiyva.
 15121 | Lair:4   | Found a sacrificial altar of Ru.
 16058 | Lair:5   | Found a runed translucent door.
 16062 | Lair:5   | Noticed kingsuperguy's ghost (adept MiBe)
 16694 | D:12     | Reached skill level 10 in Dodging
 16999 | D:12     | Found a staircase to the Orcish Mines.
 17312 | Orc:1    | Entered Level 1 of the Orcish Mines
 17531 | Orc:1    | Reached XP level 14. HP: 79/115 MP: 22/22
 17698 | Orc:1    | Found Nuwaopiu's Mayhem Merchandise.
 17864 | Orc:2    | Entered Level 2 of the Orcish Mines
 17901 | Orc:2    | Found Ejuideli's Magic Scroll Boutique.
 17916 | Orc:2    | Bought a scroll of blinking for 82 gold pieces
 17916 | Orc:2    | Bought a scroll of identify for 22 gold pieces
 17916 | Orc:2    | Bought a scroll of identify for 22 gold pieces
 17916 | Orc:2    | Bought a scroll of immolation for 44 gold pieces
 17919 | Orc:2    | Bought a scroll of magic mapping for 82 gold pieces
 17919 | Orc:2    | Bought a scroll of identify for 22 gold pieces
 17919 | Orc:2    | Bought a scroll of fear for 44 gold pieces
 17925 | Orc:2    | Found Colif's Assorted Antiques.
 17981 | Orc:2    | Bought a hat for 108 gold pieces
 17981 | Orc:2    | Bought a scroll of identify for 54 gold pieces
 18085 | Orc:2    | Found Pickei's Assorted Antiques.
 18085 | Orc:2    | Found Kybihuqy's Magic Scroll Boutique.
 18093 | Orc:2    | Noticed an orc warlord
 18103 | Orc:2    | Killed an orc warlord
 18339 | Orc:2    | Bought a scroll labelled PIEHOGHOIH for 28 gold pieces
 18373 | Orc:2    | Bought a scroll of identify for 20 gold pieces
 18373 | Orc:2    | Bought a scroll of identify for 20 gold pieces
 18665 | Orc:2    | Found a staircase to the Elven Halls.
 19277 | D:4      | Bought a manual of Evocations for 800 gold pieces
 19828 | Shoals:1 | Acquired 731 gold pieces
 20224 | Orc:2    | Bought a phial of floods for 1120 gold pieces
 20409 | Spider:1 | Entered Level 1 of the Spider Nest
 20414 | Spider:1 | Noticed a broodmother
 20423 | Spider:1 | Killed a broodmother
 20492 | Spider:1 | Reached skill level 1 in Evocations
 20492 | Spider:1 | Noticed an emperor scorpion
 20499 | Spider:1 | Killed an emperor scorpion
 21198 | Spider:1 | You fall into a shaft and drop 1 floor!
 21219 | Spider:2 | Reached XP level 15. HP: 68/125 MP: 22/24
 21328 | Spider:2 | Noticed an emperor scorpion
 21341 | Spider:2 | Killed an emperor scorpion
 21403 | Spider:2 | Noticed an emperor scorpion
 21416 | Spider:2 | Killed an emperor scorpion
 21440 | Spider:2 | Noticed an emperor scorpion
 21455 | Spider:2 | Killed an emperor scorpion
 21456 | Spider:2 | Reached skill level 10 in Armour
 21467 | Spider:2 | Noticed an emperor scorpion
 21477 | Spider:2 | Killed an emperor scorpion
 21573 | Spider:2 | Noticed an emperor scorpion
 21583 | Spider:2 | Killed an emperor scorpion
 21585 | Spider:2 | Noticed an emperor scorpion
 21604 | Spider:2 | Killed an emperor scorpion
 21984 | Spider:2 | Gained mutation: You are robust. (+10% HP) [potion of
                  | mutation]
 21984 | Spider:2 | Gained mutation: You are somewhat resistant to further
                  | mutation. [potion of mutation]
 22193 | Spider:2 | Reached skill level 15 in Shields
 22244 | Spider:1 | Reached skill level 10 in Fighting
 22933 | Spider:2 | Reached skill level 17 in Long Blades
 23246 | Spider:3 | Noticed an emperor scorpion
 23252 | Spider:3 | Killed an emperor scorpion
 23255 | Spider:3 | HP: 4/138 [hog[Kirke] (6)]
 23255 | Spider:3 | Noticed Kirke
 23255 | Spider:3 | Killed from afar by a meliai

Illustrated notes

Levels and vault maps discovered:
D:1:      kilobyte_arrival_exit_the_forest, layout_basic,
          chequers_serial_rivers_large_b
D:2:      layout_rooms, basic_ecumenical_altar, serial_shops, shop,
          chequers_avenue, serial_bayou_crossing
D:3:      layout_rooms, serial_shops, shop
D:4:      old_forge, layout_rooms, nicolae_shop_vocational
D:5:      layout_basic, minmay_temple_entry_gardened_gates
D:6:      layout_cave_pods, tso_oasis_becter, serial_park, serial_park_square2,
          serial_park_square2, serial_park_tiny_pond, serial_park_tiny_2,
          uniq_edmund
D:7:      layout_loops_corners
D:8:      layout_loops_ring, water_boxes_lemuel, uniq_joseph
D:9:      layout_loops_cross, bloody_trog, grunt_dithmenos_shadows
D:10:     layout_loops_cross, nicolae_overflow_hidden_temple, uniq_amaemon
D:11:     layout_long_grid, lair_entry_dummy
D:12:     layout_irregular_city, hiddenorc1_lemuel, minmay_misc_feat_nine_boxes
D:13:     minmay_connected_triangles_in_corner, layout_stronghold
Temple:   hellmonk_temple_two_chambers
Lair:1:   layout_long_grid, grunt_megastairs_5, uniq_urug
Lair:2:   layout_cave_pods, minmay_shoals_entry_lonely_mermaid
Lair:3:   layout_cave_pods, spider_nest_entry_web_field
Lair:4:   layout_long_grid, basic_altar
Lair:5:   evilmike_catoblepas_cave, layout_loops_ring, slime_entry_1,
          ebering_ghost_reflecting_pool
Shoals:1: layout_shoals, serial_shops, nicolae_shop_bloodbath_and_beyond,
          uniq_mlioglotl, uniq_louise
Spider:1: layout_spider_delve
Spider:2: layout_spider_delve, nicolae_spider_scorpion_nest
Spider:3: layout_spider_delve, uniq_kirke
Orc:1:    layout_caves, minmay_shop_mayhem, nicolae_orc_flooded_monolith
Orc:2:    st_orc_town, layout_caves

Skill      XL: |  1  2  3  4  5  6  7  8  9 10 11 12 13 14 15 |
---------------+----------------------------------------------+-----
Axes           | 3 4 5 |  5.6
Maces & Flails | 2 5 7 |  7.0
Long Blades    | 6 9 11 13 16 17 | 17.0
Dodging        | 2 5 11 12 13 | 13.6
Fighting       | 4 5 6 8 9 10 | 10.0
Invocations    | 1 5 10 12 13 14 | 14.0
Armour         | 4 5 8 9 11 | 11.0
Shields        | 4 5 6 12 14 15 | 15.2
Spellcasting   | 1 |  1.0
Evocations     | 2 4 |  4.7

Action                   |  1- 3 |  4- 6 |  7- 9 | 10-12 | 13-15 || total
-------------------------+-------+-------+-------+-------+-------++-------
Melee: War axe           |    54 |    18 |       |       |       ||    72
       Headbutt          |     8 |     9 |    14 |    69 |   125 ||   225
       Mace              |       |    67 |       |       |       ||    67
       Double sword      |       |     1 |   100 |   286 |   609 ||   996
Throw: Dart              |       |       |       |     6 |       ||     6
       Javelin           |       |       |       |       |     4 ||     4
Invok: Grand Finale      |       |       |       |       |     3 ||     3
       Stomp             |       |       |       |       |     2 ||     2
       Line Pass         |       |       |       |       |     1 ||     1
Evoke: Wand              |       |       |       |     2 |     4 ||     6
       Condenser vane    |       |       |       |       |     1 ||     1
  Use: Scroll            |     5 |     1 |    10 |     6 |    14 ||    36
       Potion            |       |       |       |     4 |    12 ||    16
 Stab: Sleeping          |       |       |     1 |       |     2 ||     3
       Paralysed         |       |       |     4 |    27 |    51 ||    82
       Petrified         |       |       |       |       |     4 ||     4
Armor: Scale mail        |    23 |    47 |       |       |       ||    70
       Leather armour    |       |       |     9 |       |       ||     9
       Steam dragon scal |       |       |    24 |    81 |   179 ||   284
Dodge: Dodged            |    37 |    63 |    70 |   101 |   352 ||   623
Block: Buckler           |    11 |    22 |    35 |       |       ||    68
       Reflection        |       |       |     1 |     4 |       ||     5
       Kite shield       |       |       |       |   229 |   196 ||   425
       Tower shield      |       |       |       |       |   444 ||   444
